TOP OF THE 1ST |
Balzac Rams batting - Pitching for La Crosse Loggers : RHP Joshua Dixon
|
Pitching: RHP Joshua Dixon
|
|
Batting: RHB Manuel Pérez
|
0-0: Foul Ball, location: 2F 0-1: SINGLE (Groundball, 6)
|
Batting: RHB Fred Howard
|
0-0: Ball 1-0: Foul Ball, location: 2F 1-1: Ball 2-1: Foul Ball, location: 2F 2-2: Grounds into double play, 5-4-3 (Groundball, 56)
|
Batting: LHB José Berroa
|
0-0: Swinging Strike 0-1: SINGLE (Groundball, 34D)
|
Batting: RHB Tokuhei Kobayashi
|
0-0: Ball 1-0: Fly out, F9 (Flyball, 89D)
|
Top of the 1st over - 0 run(s), 2 hit(s), 0 error(s), 1 left on base; Balzac 0 - La Crosse 0 |
BOTTOM OF THE 1ST |
La Crosse Loggers batting - Pitching for Balzac Rams : RHP Andrew Barnard
|
Pitching: RHP Andrew Barnard
|
|
Batting: RHB Jon Kenney
|
0-0: Swinging Strike 0-1: Foul Ball, location: 2F 0-2: Strikes out swinging
|
Batting: LHB Oliver Beltrán
|
0-0: Ball 1-0: Ball 2-0: Ball 3-0: Called Strike 3-1: Base on Balls
|
Batting: LHB David Doyle
|
0-0: Called Strike 0-1: Ball 1-1: Called Strike 1-2: Foul Ball, location: 2F 1-2: Ball 2-2: Strikes out looking
|
Batting: LHB Ricardo Ruíz
|
0-0: Foul Ball, location: 2F 0-1: Ball 1-1: Ball 2-1: Called Strike 2-2: Foul Ball, location: 2F 2-2: SINGLE (Line Drive, 4D) Oliver Beltrán to second
|
Batting: RHB Fraser Stanton
|
0-0: Called Strike 0-1: Called Strike 0-2: Ball 1-2: Fielders Choice at 2nd, U4 (Groundball, 4M)
|
Bottom of the 1st over - 0 run(s), 1 hit(s), 0 error(s), 2 left on base; Balzac 0 - La Crosse 0 |
TOP OF THE 2ND |
Balzac Rams batting - Pitching for La Crosse Loggers : RHP Joshua Dixon
|
Batting: RHB Paul Spencer
|
0-0: Called Strike 0-1: Ball 1-1: DOUBLE (Popup, 3L)
|
Batting: RHB Thomas Christopher
|
0-0: Called Strike 0-1: Ball 1-1: Foul Ball, location: 2F 1-2: Ball 2-2: Ball 3-2: DOUBLE (Line Drive, 7LD) Paul Spencer scores
|
Batting: LHB William Wolf
|
0-0: Called Strike 0-1: DOUBLE (Flyball, 78D) Thomas Christopher scores
|
Batting: RHB Jeff Stevenson
|
0-0: Fly out, F9 (Line Drive, 89M)
|
Batting: LHB Carlos Barrios
|
0-0: Ball 1-0: Called Strike 1-1: Foul Ball, location: 2F 1-2: Ball 2-2: Ball 3-2: Base on Balls
|
Batting: RHB Manuel Pérez
|
0-0: Foul Ball, location: 2F 0-1: Ball 1-1: Ball 2-1: Ball 3-1: Foul Ball, location: 2F 3-2: Foul Ball, location: 2F 3-2: Foul Ball, location: 2F 3-2: Foul Ball, location: 2F 3-2: Strikes out swinging
|
Batting: RHB Fred Howard
|
0-0: Ball 1-0: Ball 2-0: Called Strike 2-1: Ball 3-1: Foul Ball, location: 2F 3-2: Strikes out looking
|
Top of the 2nd over - 2 run(s), 3 hit(s), 0 error(s), 2 left on base; Balzac 2 - La Crosse 0 |
BOTTOM OF THE 2ND |
La Crosse Loggers batting - Pitching for Balzac Rams : RHP Andrew Barnard
|
Batting: LHB Enrique Tirado
|
0-0: Ball 1-0: Foul Ball, location: 2F 1-1: Called Strike 1-2: Strikes out swinging
|
Batting: RHB Jimmy Smith
|
0-0: Ball 1-0: Ball 2-0: Foul Ball, location: 2F 2-1: Ground out 4-3 (Groundball, 4)
|
Batting: RHB Kirk Powell
|
0-0: SINGLE (Flyball, 7S)
|
Batting: RHB Robert Barnard
|
0-0: Ball 1-0: Ball 2-0: Fly out, F8 (Flyball, 8LS)
|
Bottom of the 2nd over - 0 run(s), 1 hit(s), 0 error(s), 1 left on base; Balzac 2 - La Crosse 0 |
TOP OF THE 3RD |
Balzac Rams batting - Pitching for La Crosse Loggers : RHP Joshua Dixon
|
Batting: LHB José Berroa
|
0-0: Ground out 6-3 (Groundball, 6M)
|
Batting: RHB Tokuhei Kobayashi
|
0-0: Ball 1-0: Ball 2-0: Ball 3-0: Called Strike 3-1: Foul Ball, location: 2F 3-2: Fly out, F7 (Flyball, 78S)
|
Batting: RHB Paul Spencer
|
0-0: Ball 1-0: Ball 2-0: Ball 3-0: Base on Balls
|
Batting: RHB Thomas Christopher
|
0-0: Foul Ball, location: 2F 0-1: Ball 1-1: SINGLE (Line Drive, 89S) Paul Spencer to second
|
Batting: LHB William Wolf
|
0-0: Foul Ball, location: 2F 0-1: Ball 1-1: Fly out, F5 (Line Drive, 5)
|
Top of the 3rd over - 0 run(s), 1 hit(s), 0 error(s), 2 left on base; Balzac 2 - La Crosse 0 |
BOTTOM OF THE 3RD |
La Crosse Loggers batting - Pitching for Balzac Rams : RHP Andrew Barnard
|
Batting: RHB Jon Kenney
|
0-0: Called Strike 0-1: Called Strike 0-2: Ball 1-2: Ground out 4-3 (Groundball, 4)
|
Batting: LHB Oliver Beltrán
|
0-0: Called Strike 0-1: SINGLE (Line Drive, 9S)
|
Batting: LHB David Doyle
|
0-0: Foul Ball, location: 2F 0-1: Ball 1-1: Ball 2-1: Ground out 4-3 (Groundball, 4M) Oliver Beltrán to second
|
Batting: LHB Ricardo Ruíz
|
0-0: Ball 1-0: Ball 2-0: Swinging Strike 2-1: Swinging Strike 2-2: Ball 3-2: Foul Ball, location: 2F 3-2: Base on Balls
|
Batting: RHB Fraser Stanton
|
0-0: Called Strike 0-1: Called Strike 0-2: DOUBLE (Line Drive, 78M) Oliver Beltrán scores Ricardo Ruíz to third Runner from 3rd tries for Home, SAFE, no throw or cutoff
|
Batting: LHB Enrique Tirado
|
0-0: TRIPLE (Flyball, 7LD) Fraser Stanton scores
|
Batting: RHB Jimmy Smith
|
0-0: Hit by Pitch
|
Batting: RHB Kirk Powell
|
0-0: Called Strike 0-1: SINGLE (Groundball, 56D) Enrique Tirado scores Jimmy Smith to second
|
Batting: RHB Robert Barnard
|
0-0: Called Strike 0-1: Ball 1-1: Ball 2-1: Foul Ball, location: 2F 2-2: Foul Ball, location: 2F 2-2: Ball 3-2: Ground out U3 (Groundball, 3S)
|
Bottom of the 3rd over - 4 run(s), 4 hit(s), 0 error(s), 2 left on base; Balzac 2 - La Crosse 4 |
TOP OF THE 4TH |
Balzac Rams batting - Pitching for La Crosse Loggers : RHP Joshua Dixon
|
Batting: RHB Jeff Stevenson
|
0-0: Ball 1-0: Called Strike 1-1: Called Strike 1-2: SINGLE (Line Drive, 6MD)
|
Batting: LHB Carlos Barrios
|
0-0: Ball 1-0: Grounds into double play, 6-4-3 (Groundball, 6)
|
Batting: RHB Manuel Pérez
|
0-0: Ball 1-0: Called Strike 1-1: Ball 2-1: Called Strike 2-2: Ball 3-2: Fly out, F9 (Flyball, 9LM)
|
Top of the 4th over - 0 run(s), 1 hit(s), 0 error(s), 0 left on base; Balzac 2 - La Crosse 4 |
BOTTOM OF THE 4TH |
La Crosse Loggers batting - Pitching for Balzac Rams : RHP Andrew Barnard
|
Batting: RHB Jon Kenney
|
0-0: Ball 1-0: Ball 2-0: SINGLE (Groundball, 56D)
|
Batting: LHB Oliver Beltrán
|
0-0: Ball 1-0: Ball 2-0: Called Strike 2-1: Ball 3-1: SINGLE (Groundball, 34S) Jon Kenney to second Runner from 2nd tries for 3rd, SAFE, throw made to third
|
Batting: LHB David Doyle
|
0-0: Called Strike 0-1: DOUBLE (Line Drive, 7LM) Jon Kenney scores Oliver Beltrán to third
|
Batting: LHB Ricardo Ruíz
|
0-0: Called Strike 0-1: Ball 1-1: SINGLE (Line Drive, 56) Oliver Beltrán scores David Doyle to third
|
Batting: RHB Fraser Stanton
|
0-0: Called Strike 0-1: Called Strike 0-2: Fly out, F7 (Flyball, 78M) Runner from 3rd tags up, SCORES, throw made
|
Pitching: RHP José Cota
|
|
Batting: LHB Enrique Tirado
|
0-0: Ball 1-0: Fly out, F7 (Flyball, 7S)
|
Batting: RHB Jimmy Smith
|
0-0: Called Strike 0-1: Ball 1-1: Ball 2-1: 2-RUN HOME RUN (Flyball, 78XD), Distance : 401 ft
|
Batting: RHB Kirk Powell
|
0-0: Called Strike 0-1: Fly out, F7 (Flyball, 78D)
|
Bottom of the 4th over - 5 run(s), 5 hit(s), 0 error(s), 0 left on base; Balzac 2 - La Crosse 9 |
TOP OF THE 5TH |
Balzac Rams batting - Pitching for La Crosse Loggers : RHP Joshua Dixon
|
Batting: RHB Fred Howard
|
0-0: Ball 1-0: DOUBLE (Flyball, 9LM)
|
Batting: LHB José Berroa
|
0-0: Ball 1-0: Called Strike 1-1: Called Strike 1-2: Ball 2-2: Foul Ball, location: 2F 2-2: Ball 3-2: Fly out, F7 (Flyball, 7S)
|
Batting: RHB Tokuhei Kobayashi
|
0-0: Ground out 5-3 (Groundball, 5S) Fred Howard to third
|
Batting: RHB Paul Spencer
|
0-0: Ground out 6-3 (Groundball, 6)
|
Top of the 5th over - 0 run(s), 1 hit(s), 0 error(s), 1 left on base; Balzac 2 - La Crosse 9 |
BOTTOM OF THE 5TH |
La Crosse Loggers batting - Pitching for Balzac Rams : RHP José Cota
|
Batting: RHB Robert Barnard
|
0-0: Foul Ball, location: 2F 0-1: Called Strike 0-2: Ball 1-2: Foul Ball, location: 2F 1-2: Ground out 6-3 (Groundball, 6M)
|
Batting: RHB Jon Kenney
|
0-0: Swinging Strike 0-1: Swinging Strike 0-2: Ball 1-2: Ball 2-2: Ball 3-2: Strikes out swinging
|
Batting: LHB Oliver Beltrán
|
0-0: Called Strike 0-1: Foul Ball, location: 2F 0-2: Foul Ball, location: 2F 0-2: Strikes out swinging
|
Bottom of the 5th over - 0 run(s), 0 hit(s), 0 error(s), 0 left on base; Balzac 2 - La Crosse 9 |
TOP OF THE 6TH |
Balzac Rams batting - Pitching for La Crosse Loggers : RHP Joshua Dixon
|
Batting: RHB Thomas Christopher
|
0-0: Ball 1-0: Ball 2-0: Swinging Strike 2-1: Foul Ball, location: 2F 2-2: Ball 3-2: Base on Balls
|
Batting: LHB William Wolf
|
0-0: Called Strike 0-1: Ball Reached via error on a dropped throw, E3 Thomas Christopher to second
|
Batting: RHB Jeff Stevenson
|
0-0: Ball 1-0: Ball 2-0: Called Strike 2-1: Foul Ball, location: 2F 2-2: Ball 3-2: Base on Balls Thomas Christopher to third William Wolf to second
|
Pitching: RHP Jim Miller
|
|
Batting: LHB Carlos Barrios
|
0-0: Ball 1-0: Ball 2-0: Ball 3-0: Base on Balls Thomas Christopher scores William Wolf to third Jeff Stevenson to second
|
Batting: RHB Manuel Pérez
|
0-0: Ball 1-0: Ball Passed Ball! William Wolf scores Jeff Stevenson to third Carlos Barrios to second 2-0: Fly out, F8 (Line Drive, 8LM)
|
Batting: RHB Fred Howard
|
0-0: Swinging Strike 0-1: SINGLE (Groundball, 56D) Jeff Stevenson scores Carlos Barrios to third Runner from 3rd tries for Home, SAFE, no throw or cutoff
|
Batting: LHB José Berroa
|
0-0: Grounds into double play, 4-6-3 (Groundball, 34)
|
Top of the 6th over - 4 run(s), 1 hit(s), 1 error(s), 0 left on base; Balzac 6 - La Crosse 9 |
BOTTOM OF THE 6TH |
La Crosse Loggers batting - Pitching for Balzac Rams : RHP José Cota
|
Batting: LHB David Doyle
|
0-0: Ball 1-0: Ball 2-0: Called Strike 2-1: Swinging Strike 2-2: Strikes out swinging
|
Batting: LHB Ricardo Ruíz
|
0-0: Ball 1-0: Foul Ball, location: 2F 1-1: Ball 2-1: DOUBLE (Flyball, 89M)
|
Batting: RHB Fraser Stanton
|
0-0: Called Strike 0-1: Ball 1-1: Foul Ball, location: 2F 1-2: Strikes out swinging
|
Batting: LHB Enrique Tirado
|
0-0: Foul Ball, location: 2F 0-1: Ball 1-1: Swinging Strike 1-2: Ball 2-2: Foul Ball, location: 2F 2-2: Strikes out swinging
|
Bottom of the 6th over - 0 run(s), 1 hit(s), 0 error(s), 1 left on base; Balzac 6 - La Crosse 9 |
TOP OF THE 7TH |
Balzac Rams batting - Pitching for La Crosse Loggers : RHP Jim Miller
|
Batting: RHB Tokuhei Kobayashi
|
0-0: Ball 1-0: Ground out 6-3 (Groundball, 6)
|
Batting: RHB Paul Spencer
|
0-0: Foul Ball, location: 2F 0-1: Ball 1-1: Foul Ball, location: 2F 1-2: Foul Ball, location: 2F 1-2: SINGLE (Line Drive, 78M)
|
Batting: RHB Thomas Christopher
|
0-0: Ball 1-0: Called Strike 1-1: Ball 2-1: Called Strike 2-2: Fielders Choice at 2nd, 1-6 (Groundball, 13S)
|
Batting: LHB William Wolf
|
0-0: Ball Thomas Christopher steals 2nd base 1-0: Called Strike 1-1: Called Strike 1-2: SINGLE (Groundball, 34) Thomas Christopher to third Runner from 3rd tries for Home, SAFE, no throw or cutoff
|
Batting: RHB Jeff Stevenson
|
0-0: Foul Ball, location: 2F 0-1: Ball 1-1: Fly out, F9 (Flyball, 9D)
|
Top of the 7th over - 1 run(s), 2 hit(s), 0 error(s), 1 left on base; Balzac 7 - La Crosse 9 |
BOTTOM OF THE 7TH |
La Crosse Loggers batting - Pitching for Balzac Rams : RHP José Cota
|
Pitching: RHP Ryan Stewart
|
|
Batting: RHB Jimmy Smith
|
0-0: Foul Ball, location: 2F 0-1: Swinging Strike 0-2: Ball 1-2: Ball 2-2: Strikes out swinging
|
Batting: RHB Kirk Powell
|
0-0: Ball 1-0: Called Strike 1-1: Ball 2-1: Foul Ball, location: 2F 2-2: Ball 3-2: Strikes out swinging
|
Batting: RHB Robert Barnard
|
0-0: Ball 1-0: Called Strike 1-1: Foul Ball, location: 2F 1-2: Foul Ball, location: 2F 1-2: Ball 2-2: SINGLE (Groundball, 5L)
|
Batting: RHB Jon Kenney
|
0-0: Called Strike 0-1: Ball 1-1: Ball Robert Barnard is caught stealing 2nd base
|
Bottom of the 7th over - 0 run(s), 1 hit(s), 0 error(s), 0 left on base; Balzac 7 - La Crosse 9 |
TOP OF THE 8TH |
Balzac Rams batting - Pitching for La Crosse Loggers : RHP Jim Miller
|
Pitching: LHP Nathan Ortíz
|
|
Batting: LHB Carlos Barrios
|
0-0: Fly out, F7 (Flyball, 78M)
|
Batting: RHB Manuel Pérez
|
0-0: Ball 1-0: Foul Ball, location: 2F 1-1: Ground out 4-3 (Groundball, 4)
|
Batting: RHB Fred Howard
|
0-0: DOUBLE (Line Drive, 7LM)
|
Batting: LHB José Berroa
|
0-0: Ball 1-0: Ball 2-0: Called Strike 2-1: Ball 3-1: Ground out 4-3 (Groundball, 4)
|
Top of the 8th over - 0 run(s), 1 hit(s), 0 error(s), 1 left on base; Balzac 7 - La Crosse 9 |
BOTTOM OF THE 8TH |
La Crosse Loggers batting - Pitching for Balzac Rams : RHP Ryan Stewart
|
Batting: RHB Jon Kenney
|
0-0: Called Strike 0-1: Ball 1-1: Ball 2-1: Ball 3-1: Base on Balls
|
Batting: LHB Oliver Beltrán
|
0-0: Ball Jon Kenney is caught stealing 2nd base 1-0: Fly out, F9 (Flyball, 9LM)
|
Batting: LHB David Doyle
|
0-0: Foul Ball, location: 2F 0-1: Ball 1-1: Fly out, F7 (Flyball, 7LM)
|
Bottom of the 8th over - 0 run(s), 0 hit(s), 0 error(s), 0 left on base; Balzac 7 - La Crosse 9 |
TOP OF THE 9TH |
Balzac Rams batting - Pitching for La Crosse Loggers : LHP Nathan Ortíz
|
Pitching: LHP Marty Blasingame
|
|
Batting: RHB Tokuhei Kobayashi
|
0-0: Ground out 6-3 (Groundball, 6)
|
Batting: RHB Paul Spencer
|
0-0: Called Strike 0-1: Called Strike 0-2: Ball 1-2: Strikes out swinging
|
Batting: RHB Thomas Christopher
|
0-0: Ball 1-0: Foul Ball, location: 2F 1-1: Called Strike 1-2: Strikes out swinging
|
Top of the 9th over - 0 run(s), 0 hit(s), 0 error(s), 0 left on base; Balzac 7 - La Crosse 9 |
|